 Dungeon Crawl Stone Soup version 0.26.0-16-gc1dbca0489 (webtiles) character file.

Game seed: 14792361413201217491

56 trckry the Chucker (level 3, 0/37 HPs)
             Began as an Ogre Hunter on Jan 20, 2021.
             Succumbed to an adder's poison
             ... on level 2 of the Dungeon.
             The game lasted 00:03:19 (1395 turns).

trckry the Chucker (Ogre Hunter)                    Turns: 1395, Time: 00:03:20

Health: 0/37       AC:  3    Str: 17    XL:     3   Next: 95%
Magic:  3/3        EV: 10    Int: 12    God:
Gold:   95         SH:  0    Dex:  9    Spells: 2/2 levels left

rFire    . . .     SeeInvis .   i - +0 hand axe
rCold    . . .     Faith    .   (no shield)
rNeg     . . .     Spirit   .   b - +0 robe
rPois    .         Reflect  .   (helmet restricted)
rElec    .         Harm     .   (no cloak)
rCorr    .         Rampage  .   (gloves unavailable)
Will     .....                  (boots unavailable)
Stlth    +.........             (no amulet)
HPRegen  0.12/turn              (no ring)
MPRegen  0.08/turn              (no ring)

@: lethally poisoned (0 -> -20)
A: large, unfitting armour, tough skin 1
a: no special abilities


You were on level 2 of the Dungeon.
You visited 1 branch of the dungeon, and saw 2 of its levels.

You collected 95 gold pieces.

Inventory:

Hand Weapons
 i - a +0 hand axe (weapon)
Missiles
 d - a throwing net (quivered)
Armour
 b - a +0 robe (worn)
 h - a +0 pair of gloves
Scrolls
 e - a scroll of random uselessness {unknown}
 g - a scroll of remove curse {unknown}


   Skills:
 + Level 3.3 Fighting
 + Level 4.2 Throwing
 + Level 0.9 Armour
 + Level 2.1 Dodging
 - Level 0.6 Stealth
 + Level 1.2 Invocations
 + Level 0.9 Evocations


You had 2 spell levels left.
You didn't know any spells.
Your spell library was empty.

Dungeon Overview and Level Annotations

Branches:
Dungeon (2/15)

Altars:


Innate Abilities, Weirdness & Mutations

You are too large for most types of armour.
You have tough skin. (AC +1)


Message History

* * * LOW HITPOINT WARNING * * *
You are more poisoned.
The adder poisons you! The adder barely misses you.
You aren't carrying any potions.
Throw: large rock
Press: ? - help, Q - select action, (/) - cycle Shift-Dir - straight line, f/p - adder
Aim: an adder (almost dead)
You throw a large rock. The large rock barely misses the adder.
* * * LOW HITPOINT WARNING * * *
You feel sick. The adder completely misses you. The adder barely misses you.
The adder bites you.
* * * LOW HITPOINT WARNING * * *
You are more poisoned.
The adder poisons you!
Throw: 2 throwing nets
Press: ? - help, Q - select action Shift-Dir - straight line, f/p - adder
Aim: an adder (almost dead)
You throw a throwing net.
The throwing net barely misses the adder.
You die...

.###..###.# ..$ #..#
#.# #.. #..# #.# ####..
...###.## .5...
###......# #...
#.###..# #... #.# #..#
#.##...######.# #..####
..(...(hS@....###.....#
.......#####...†...##.#
##.#.## #.####### # #
#.# #.# #.# #.# ... #..


You could see an adder and a jackal.

Vanquished Creatures
  A white imp (D:2)
  2 dart slugs (D:2)
  4 giant cockroaches (D:1)
  5 goblins
  6 hobgoblins (D:1)
  7 jackals
  6 bats (D:1)
  2 frilled lizards (D:1)
  5 kobolds (D:1)
  3 rats
41 creatures vanquished.

Notes
Turn   | Place    | Note
-------+----------+-------------------------------------------
     0 | D:1      | trckry the Ogre Hunter began the quest for the Orb.
     0 | D:1      | Reached XP level 1. HP: 22/22 MP: 1/1
   235 | D:1      | Reached XP level 2. HP: 10/29 MP: 2/2
   838 | D:1      | Reached XP level 3. HP: 33/37 MP: 3/3
  1080 | D:1      | Reached skill level 1 in Invocations
  1394 | D:2      | HP: 3/37 [poisoned by an adder]
  1394 | D:2      | HP: 1/37 [adder (2)]
  1395 | D:2      | Succumbed to an adder's poison

Illustrated notes

Levels and vault maps discovered:
D:1:      elethiomel_arrival_quiet, layout_rooms, dk_noncrumbling_4,
          minivault_4, kennysheep_pointless_box, grunt_decor_resistance
D:2:      layout_loops_ring, old_standard_altar, dancing_weapons_uskayaw

Skill      XL: |  1  2  3 |
---------------+----------+-----
Fighting       | 3 |  3.3
Dodging        | 2 |  2.1
Invocations    | 1 |  1.2
Throwing       | |  4.2
Armour         | |  0.9
Stealth        | |  0.6
Evocations     | |  0.9

Action                   || total
-------------------------++-------
Melee: Short sword       ||   133
       Hand axe          ||    26
Throw: Large rock        ||     8
       Javelin           ||     3
       Throwing net      ||     1
Armor: Robe              ||    62
Dodge: Dodged            ||   106
